cohdb
Replays
Latest Replays
All Replays
Popular Replays
Top Player Replays
Match Explorer
How It Works
Community
CoH3 Stats
Reddit
Sign in to upload your games and track your stats! →
Sign in with Steam
Match 44485386
Unlisted
Match 44485386
Overview
Messages
Build Orders
End
Construct Infanterie Kompanie
Grenadier Squad
Selects Breakthrough Battlegroup
Selects Assault Grenadiers
Grenadier Squad
MG 42 Machine Gun Team
Grenadier Squad
MG 42 Bunker
GrW 34 Mortar Team
Infanterie Officer Quarters
Selects Breakthrough
Construct Luftwaffe Kompanie
Jäger Squad
Selects Mechanized Assault Group
Support Elements
Wirbelwind Flakpanzer
Selects Rapid Production
Jäger Squad
Medical Bunker
Selects Blitzkrieg
pagep
7k this year for sure
Speedbird
Khayyam
0
0
Comments
sign in to comment!
No comments posted yet!